 Dungeon Crawl Stone Soup version 0.31.0-4-g52a2dc7128 (webtiles) character file.

Game seed: 9386579242472453822

32 Colgate the Trooper (level 3, -4/31 HPs)
             Began as a Formicid Berserker on Jan 22, 2024.
             Was a Follower of Trog.
             Slain by a goblin
             ... wielding a +0 club
             ... led by Robin
              (5 damage)
             ... on level 1 of the Dungeon.
             The game lasted 00:02:31 (1093 turns).

Colgate the Trooper (Formicid Berserker)            Turns: 1093, Time: 00:02:32

Health: -4/31      AC:  4    Str: 23    XL:     3   Next: 42%
Magic:  3/3        EV: 12    Int:  6    God:    Trog [*.....]
Gold:   76         SH:  0    Dex: 13    Spells: 2/2 levels left

rFire   . . .        a - +0 spear
rCold   . . .        (no shield)
rNeg    . . .        b - +0 animal skin
rPois   .            (helmet unavailable)
rElec   .            (no cloak)
rCorr   .            (no gloves)
SInv    +            (no boots)
Will    +....        (no amulet)
Stlth   +            (no ring)
HPRegen 0.25/turn    (no ring)
MPRegen 0.08/turn

%: no passive effects
@: enlightened, flying
A: permanent stasis, dig shafts and tunnels, antennae 3, four strong arms,
iridescent scales 1, inability to read after injury 1
a: Dig, Shaft Self, Renounce Religion


You were on level 1 of the Dungeon.
You worshipped Trog.
Trog was aware of your devotion.
You visited 1 branch of the dungeon, and saw 2 of its levels.

You collected 76 gold pieces.

Inventory:

Hand Weapons
 a - a +0 spear (weapon)
Armour
 b - a +0 animal skin (worn)
Jewellery
 g - an amulet of the acrobat
Scrolls
 c - a scroll of fog {unknown}
 e - a scroll of revelation {unknown}
 i - a scroll of poison {unknown}
Potions
 d - a potion of mutation


   Skills:
 + Level 4.7 Fighting
 - Level 3.0 Polearms
 - Level 2.1 Armour
 - Level 1.7 Dodging


You had 2 spell levels left.
You didn't know any spells.
Your spell library was empty.

Dungeon Overview and Level Annotations

Branches:
Dungeon (2/15)

Altars:

Annotations:
D:2 Robin


Innate Abilities, Weirdness & Mutations

You cannot be hasted, slowed, berserked, paralysed or teleported.
You can dig through walls and to a lower floor.
You have a pair of large antennae on your head. (SInv)
Your four strong arms can wield two-handed weapons with a shield.
You are partially covered in iridescent scales. (AC +2)
You occasionally lose the ability to read scrolls when taking damage.


Message History

Robin throws the goblin at you! The goblin barely misses you.
The goblin completely misses you. The goblin barely misses you.
There is a stone staircase leading up here.
Robin hits you but does no damage. The goblin hits you with a +0 dagger.
The goblin attacks as it pursues you! The goblin barely misses you.
The goblin attacks as it pursues you! The goblin hits you but does no damage.
Robin hits you with a +0 dagger. The goblin closely misses you.
Really walk into that dispersal trap?
You enter a dispersal trap!
The goblin blinks! x6
You feel a strange sense of stasis.
There is a dispersal trap here.
The goblin enters a dispersal trap!
Robin blinks!
The goblin blinks!
You feel a strange sense of stasis.
The goblin blinks!
Robin roars a battlecry!
The goblins go into a battle-frenzy!
Robin throws the goblin at you! The goblin hits you with a +0 club.
* * * LOW HITPOINT WARNING * * *
Robin roars a battlecry!
The goblin goes into a battle-frenzy!
There is a stone staircase leading up here.
The goblin hits you with a +0 club.
* * * LOW HITPOINT WARNING * * *
The goblin hits you with a +0 club.
* * * LOW HITPOINT WARNING * * *
You climb upwards.
There is a stone staircase leading down here.
It was a potion of mutation.
You feel extremely strange.
You occasionally lose the ability to read scrolls when taking damage.
Iridescent scales grow over part of your body.
The goblin hits you but does no damage. The goblin closely misses you.
It was a potion of haste.
Your stasis prevents you from being hasted.
The goblin barely misses you. x2
It was a potion of enlightenment.
You feel very buoyant.
You fly up into the air.
The goblin hits you with a +0 club.
* * * LOW HITPOINT WARNING * * *
The goblin hits you with a +0 club.
You die...

##############.
##########..............
#..........######......#
#.......................
#..........#####.#######
#..........# #......#
##############.###.# #......####
#............#.###.###......#...
#............#.@g...............
#............#.g##.###......#...
#............#..##.# #......#...
#............#..##.# #......#...
#.......).......##.# #......#...
#.......).......##.# #......#...
#...............##.###......#..8
#............#.....#........#...
#............#.#####.#......#...


You could see 2 goblins.

Vanquished Creatures
  A dart slug (D:2)
  An endoplasm (D:1)
  4 giant cockroaches
  7 goblins
  4 hobgoblins
  A quokka (D:2)
  2 ball pythons
  2 bats
  A frilled lizard (D:1)
  5 kobolds
28 creatures vanquished.

Notes
Turn   | Place    | Note
-------+----------+-------------------------------------------
     0 | D:1      | Colgate the Formicid Berserker began the quest for the Orb.
     0 | D:1      | Reached XP level 1. HP: 18/18 MP: 1/1
   391 | D:1      | Reached XP level 2. HP: 25/25 MP: 2/2
   454 | D:1      | Reached skill level 4 in Fighting
   789 | D:2      | Reached XP level 3. HP: 31/31 MP: 3/3
   949 | D:2      | Reached ** piety under Trog
  1069 | D:2      | Identified the +2 helmet "Pehedal" {^Contam rN++ Stlth+}
  1069 | D:2      | Noticed Robin
  1091 | D:1      | Gained mutation: You occasionally lose the ability to read
                  | scrolls when taking damage. [potion of mutation]
  1091 | D:1      | Gained mutation: You are partially covered in iridescent
                  | scales. (AC +2) [potion of mutation]
  1093 | D:1      | HP: 1/31 [goblin/+0 club[Robin] (2)]
  1093 | D:1      | Slain by a goblin

Illustrated notes

Levels and vault maps discovered:
D:1:      amcnicky_arrival_double_pillar, layout_basic, nrook_uturn,
          minmay_misc_feat_pillars
D:2:      layout_rooms, chequers_mini_garden, uniq_robin

Skill      XL: |  1  2 |
---------------+-------+-----
Fighting       | 4 |  4.7
Polearms       | |  3.0
Armour         | |  2.1
Dodging        | |  1.7

Action                     || total
---------------------------++-------
  Melee: Spear             ||   109
Ability: Dig               ||    14
    Use: Potion            ||     3
   Stab: Sleeping          ||     1
 Armour: Animal skin       ||    73
  Dodge: Dodged            ||    62
